 Dungeon Crawl Stone Soup version 0.21-a0-578-gc6e9d75 (webtiles) character file.

34 Firecrotchwizard the Cudgeler (level 3, -2/22 HPs)
             Began as a Gargoyle Gladiator on Dec 19, 2017.
             Slain by a goblin (5 damage)
             ... led by Robin
             ... on level 1 of the Dungeon.
             The game lasted 00:02:07 (830 turns).

Firecrotchwizard the Cudgeler (Gargoyle Gladiator)   Turns: 830, Time: 00:02:07

Health: -2/22      AC: 12    Str: 17    XL:     3   Next: 31%
Magic:  3/3        EV: 11    Int:  8    God:
Gold:   106        SH:  0    Dex: 12    Spells: 2/2 levels left

rFire    . . .     SeeInvis .   a - +0 flail
rCold    . . .     Gourm    .   (no shield)
rNeg     + . .     Faith    .   e - +0 ring mail
rPois    ∞         Spirit   .   g - +2 helmet
rElec    +         Reflect  .   (no cloak)
rCorr    .         Harm     .   (no gloves)
MR       .....                  i - +0 pair of boots
Stlth    +.........             (no amulet)
HPRegen  0.07/turn              (no ring)
MPRegen  0.08/turn              (no ring)

@: no status effects
A: negative energy resistance 1, electricity resistance, unbreathing,
petrification resistance, rot immunity, AC +3
a: no special abilities


You were on level 1 of the Dungeon.
You were not hungry.

You visited 1 branch of the dungeon, and saw 2 of its levels.

You collected 106 gold pieces.

Inventory:

Hand Weapons
 a - a +0 flail (weapon)
Missiles
 d - 3 throwing nets {=f, !d}
Armour
 b - a +0 leather armour
 c - a +0 helmet
 e - a +0 ring mail (worn)
   (You found it on level 1 of the Dungeon)
 g - a +2 helmet (worn)
   (You found it on level 1 of the Dungeon)
 i - a +0 pair of boots (worn)
   (You found it on level 1 of the Dungeon)
Scrolls
 j - a scroll of teleportation {unknown}
 k - a scroll of identify {unknown}
 l - a scroll of enchant weapon {unknown}
Potions
 h - a potion of mutation {unknown}
Comestibles
 f - 5 rations {@e1}
 m - 5 chunks of flesh {@w0}


   Skills:
 + Level 2.6 Fighting
 * Level 3.5 Maces & Flails
 - Level 1.9 Throwing
 + Level 0.7 Armour
 + Level 2.6 Dodging


You had 2 spell levels left.
You didn't know any spells.

Dungeon Overview and Level Annotations

Branches:
Dungeon (2/15)

Altars:

Annotations:
D:2 Robin


Innate Abilities, Weirdness & Mutations

You are resistant to torment.
Your stone body is resilient. (AC +3)
You are immune to poison.
You resist negative energy. (rN+)
You are resistant to electric shocks. (rElec)
You can survive without breathing.
You are immune to petrification.
You are immune to rotting.


Message History

No target in view!
A kobold comes into view.
The kobold shouts!
You hear a shout! x4
A bat and a goblin come into view.
A hobgoblin comes into view. It is wielding a club.
You hear a shout!
The bat closely misses you.
The goblin moves out of view.
A goblin comes into view. It is wielding a dagger.
You hit the bat.
You kill the bat!
The kobold hits you but does no damage.
A hobgoblin comes into view.
You hit the kobold.
You kill the kobold! 3 goblins and a hobgoblin come into view.
The goblin shouts! x2; The hobgoblin shouts!
You hear a shout! x2
The goblin moves out of view.
The hobgoblin closely misses you.
A goblin, a hobgoblin and Robin come into view.
You barely miss the goblin.
The hobgoblin shouts!
You hear a shout!
The goblin hits you but does no damage. Robin throws the goblin at you!
The hobgoblin hits you but does no damage.
The goblin hits you but does no damage.
You hit the goblin but do no damage. The goblin hits you but does no damage.
The hobgoblin misses you. The goblin hits you but does no damage.
The goblin barely misses you. The goblin hits you but does no damage.
Robin roars a battlecry!
The goblins go into a battle-frenzy!
A hobgoblin comes into view. It is wielding a club.
The goblin closely misses you.
Robin says, "My goblins will feast on your bones."
The goblin barely misses you. The hobgoblin barely misses you.
The goblin no longer looks unusually strong.
The hobgoblin no longer looks unusually strong.
The goblin no longer looks unusually strong.
You see here a club.
There is a stone staircase leading up here.
You see here a dagger of flaming.
You hit the hobgoblin.
The hobgoblin hits you but does no damage.
Your ring mail prevents you from hitting the hobgoblin.
The hobgoblin closely misses you. The goblin barely misses you.
You barely miss the hobgoblin. The goblin hits you.
The hobgoblin hits you but does no damage.
The goblin closely misses you. The goblin barely misses you.
You take 1 damage, and have 21/22 hp.
You closely miss the hobgoblin. The hobgoblin closely misses you. x2
The goblin barely misses you.
The goblin hits you but does no damage. x2
You hit the hobgoblin.
You kill the hobgoblin!
The hobgoblin closely misses you. The goblin barely misses you.
The goblin hits you but does no damage. x2
You hit the goblin.
The hobgoblin hits you but does no damage.
The goblin barely misses you. The goblin misses you.
You closely miss the goblin. The goblin closely misses you.
The hobgoblin hits you with a club. The goblin hits you but does no damage.
The goblin barely misses you.
The goblin hits you but does no damage. x2
The hobgoblin completely misses you.
You take 1 damage, and have 20/22 hp.
You closely miss the goblin. The goblin barely misses you.
The goblin closely misses you. The goblin hits you with a club.
The goblin hits you but does no damage. The goblin closely misses you.
The goblin hits you but does no damage. The hobgoblin barely misses you.
The goblin hits you but does no damage. The goblin closely misses you.
You take 1 damage, and have 19/22 hp.
You hit the goblin.
You kill the goblin!
Robin roars a battlecry!
The goblins go into a battle-frenzy!
The goblin hits you but does no damage. The goblin barely misses you.
The goblin hits you but does no damage. The goblin barely misses you.
The hobgoblin hits you with a club. The goblin closely misses you.
You take 6 damage, and have 13/22 hp.
MASSIVE DAMAGE!!
The goblin misses you. The goblin barely misses you.
The goblin closely misses you. The goblin barely misses you.
The hobgoblin hits you with a club.
You climb upwards.
There is a stone staircase leading down here.
You hit the hobgoblin but do no damage. The goblin barely misses you.
The goblin closely misses you. The goblin hits you but does no damage.
The hobgoblin hits you but does no damage.
You hit the hobgoblin but do no damage. The goblin closely misses you.
The goblin hits you but does no damage. x2; The hobgoblin hits you with a club!
* * * LOW HITPOINT WARNING * * *
You take 7 damage, and have 6/22 hp.
MASSIVE DAMAGE!!
You hit the hobgoblin. The goblin hits you with a club.
* * * LOW HITPOINT WARNING * * *
The goblin hits you but does no damage. x2; The hobgoblin barely misses you.
You take 1 damage, and have 5/22 hp.
You barely miss the hobgoblin. The goblin barely misses you.
The goblin hits you with a club.
* * * LOW HITPOINT WARNING * * *
The goblin closely misses you.
The hobgoblin hits you but does no damage.
The goblin misses you. The goblin hits you.
You die...

###.####.#
#......#.###############
###..#.#................
#..#.#################
#..#.# #.. #..#.#### #..
#..#.g..# #..
#####..#gg#.# #..
#.......g@#.############..
##.##..#g##.##............
#.#....g......##.....####
#.#.###.##.#..##.#...(...
#.#.....##.#..##.#..#####
#.##..#....#..##.#.......
#.....#.#..#..##.#....###
####.##.#........#....#..
#.##....#####.##......


You could see a hobgoblin and 5 goblins.

Vanquished Creatures
  An ooze (D:2)
  A dart slug (D:2)
  A giant cockroach (D:1)
  4 goblins
  4 hobgoblins
  3 jackals (D:1)
  4 bats
  2 frilled lizards
  4 kobolds
  2 rats (D:1)
26 creatures vanquished.

Notes
Turn   | Place    | Note
-------+----------+-------------------------------------------
     0 | D:1      | Firecrotchwizard the Gargoyle Gladiator began the quest for the Orb.
     0 | D:1      | Reached XP level 1. HP: 12/12 MP: 1/1
    75 | D:1      | Reached XP level 2. HP: 15/18 MP: 2/2
   722 | D:2      | Reached XP level 3. HP: 20/22 MP: 3/3
   750 | D:2      | Found a faded altar of an unknown god.
   782 | D:2      | Noticed Robin
   829 | D:1      | HP: 5/22 [goblin/club[Robin] (1)]
   830 | D:1      | Slain by a goblin

Vault maps used:
D:1:      scummos_arrival_star
D:2:      lemuel_doored_altar, chequers_ecumenical_altar_simple, first_ration,
          uniq_crazy_yiuf_cottage, uniq_robin

Action                   || total
-------------------------++-------
Melee: Flail             ||    86
Armor: Leather armour    ||    14
       Ring mail         ||    56
Dodge: Dodged            ||    82

Table legend:
 A = Spawn XP
 B = Non-spawn XP
 C = Spawn XP percentage of total XP
 D = Spawn monster count
 E = Non-spawn monster count
 F = Spawn count percentage of total count
 G = Total turns spent on level
                    A         B        C        D         E        F      G
               +---------+---------+-------+---------+---------+-------+---------
         Total |       0 |      49 |   0.0 |       0 |      26 |   0.0 |   830
               +---------+---------+-------+---------+---------+-------+---------
           D:1 |       0 |      23 |   0.0 |       0 |      15 |   0.0 |   703
           D:2 |       0 |      26 |   0.0 |       0 |      11 |   0.0 |   127
               +---------+---------+-------+---------+---------+-------+---------

Vault maps used:
D:1:      scummos_arrival_star
D:2:      lemuel_doored_altar, chequers_ecumenical_altar_simple, first_ration,
          uniq_crazy_yiuf_cottage, uniq_robin

Table legend:
 A = Turns spent in this place as a percentage of turns spent in the entire game.
 B = Non-inter-level travel turns spent in this place as a percentage of non-inter-level travel turns spent in the entire game.
 C = Inter-level travel turns spent in this place as a percentage of turns spent in this place.
 D = Turns resting spent in this place as a percentage of non-inter-level travel turns spent in this place.
 E = Turns spent auto-exploring this place as a percentage of non-inter-level travel turns spent in this place.
 F = Non-inter-level travel turns spent in this place divided by the number of levels of this place that you've seen.
                   A       B       C       D       E      F
               +-------+-------+-------+-------+-------+----------------------
         Total | 100.0 | 100.0 |   1.3 |   0.0 |  71.4 | 409.5
       Dungeon | 100.0 | 100.0 |   1.3 |   0.0 |  71.4 | 409.5
               +-------+-------+-------+-------+-------+----------------------

Table legend:
 A = Kills in this place as a percentage of kills in entire the game.
 B = Kills by you in this place as a percentage of kills by you in the entire game.
 C = Kills by friends in this place as a percentage of kills by friends in the entire game.
 D = Other kills in this place as a percentage of other kills in the entire game.
 E = Experience gained in this place as a percentage of experience gained in the entire game.
 F = Experience gained in this place divided by the number of levels of this place that you have seen.
                   A       B       C       D       E      F
               +-------+-------+-------+-------+-------+----------------------
         Total | 100.0 | 100.0 |   N/A |   N/A | 100.0 |  24.5
       Dungeon | 100.0 | 100.0 |   N/A |   N/A | 100.0 |  24.5
               +-------+-------+-------+-------+-------+----------------------
